 Dungeon Crawl Stone Soup version 0.25.1-2-g60ff931df9 (webtiles) character file.

Game seed: 667751684891006761

143985 lorenzova the Eclecticist (level 16, -4/76 HPs)
             Began as a Deep Elf Conjurer on Sept 7, 2020.
             Was the Champion of Vehumet.
             Collided with a tree (18 damage)
             ... caused by Bai Suzhen
             ... on level 4 of the Swamp on Sept 8, 2020.
             The game lasted 02:34:35 (39330 turns).

lorenzova the Eclecticist (Deep Elf Conjurer)      Turns: 39330, Time: 02:34:36

Health: -4/76      AC: 14    Str:  5    XL:     16   Next: 84%
Magic:  2/42       EV: 12    Int: 34    God:    Vehumet [******]
Gold:   2313       SH:  5    Dex: 15    Spells: 13/56 levels left

rFire    + . .     SeeInvis +   V - staff of fire
rCold    . . .     Gourm    .   (no shield)
rNeg     . . .     Faith    .   Z - +1 leather armour "Yczoast" {rPois}
rPois    +         Spirit   .   Q - +2 hat
rElec    .         Reflect  +   C - +2 cloak
rCorr    .         Harm     .   m - +1 pair of gloves
MR       +....                  l - +1 pair of boots
Stlth    +.........             w - amulet of reflection
HPRegen  0.22/turn              f - +6 ring of intelligence
MPRegen  0.28/turn              a - ring of see invisible

@: very slow
A: no striking features
a: Renounce Religion


You were on level 4 of the Swamp.
You worshipped Vehumet.
Vehumet was exalted by your worship.
You were not hungry.

You visited 5 branches of the dungeon, and saw 28 of its levels.
You also visited: Sewer, Bailey and Volcano.

You collected 3878 gold pieces.
You spent 1565 gold pieces at shops.

Inventory:

Armour
 l - a +1 pair of boots (worn)
 m - a +1 pair of gloves (worn)
 u - a +2 leather armour of fire resistance
 C - a +2 cloak (worn)
 H - a +3 ring mail of cold resistance
 Q - a +2 hat (worn)
 Z - the +1 leather armour "Yczoast" (worn) {rPois}
   (You found it on level 13 of the Dungeon)

   It protects you from poison.
Magical Staves
 P - an uncursed staff of wizardry
 V - an uncursed staff of fire (weapon)
Jewellery
 a - a ring of see invisible (right hand)
 f - a +6 ring of intelligence (left hand)
 n - an uncursed ring of protection from fire
 w - an amulet of reflection (around neck)
 E - an uncursed ring of magical power
Wands
 R - a wand of digging (5)
Scrolls
 b - 2 scrolls of fog
 e - 9 scrolls of remove curse
 g - 7 scrolls of immolation
 j - 3 scrolls of fear
 r - 3 scrolls of enchant armour
 s - 6 scrolls of amnesia
 v - 5 scrolls of teleportation
 y - 3 scrolls of blinking
 I - 3 scrolls of magic mapping
 L - 6 scrolls of enchant weapon
Potions
 d - 7 potions of heal wounds
 h - 6 potions of stabbing
 i - 7 potions of flight
 k - 8 potions of curing
 o - 8 potions of might
 p - 2 potions of mutation
 x - a potion of berserk rage
 z - 3 potions of lignification {unknown}
 B - 4 potions of haste {unknown}
 F - 4 potions of magic {unknown}
 G - 3 potions of brilliance
 M - a potion of invisibility
 N - 4 potions of resistance
 U - 2 potions of ambrosia
Comestibles
 c - 34 rations


   Skills:
 + Level 5.9 Armour
 - Level 2.4 Dodging
 - Level 2.4 Stealth
 * Level 20.5 Spellcasting
 * Level 18.1 Conjurations
 - Level 9.0 Hexes
 - Level 9.0 Charms
 - Level 6.0 Translocations
 + Level 12.0 Fire Magic
 * Level 5.5 Air Magic
 - Level 9.0 Earth Magic


You had 13 spell levels left.
You knew the following spells:

 Your Spells              Type           Power        Failure   Level  Hunger
a - Magic Dart            Conj           ####         0%          1    None
b - Iskenderun's Battles  Conj/Chrm      #######.     1%          5    None
c - Iskenderun's Mystic   Conj/Tloc      #######.     1%          4    None
d - Fulminant Prism       Conj/Hex       #######...   1%          4    None
e - Foxfire               Conj/Fire      ####         0%          1    None
f - Fireball              Conj/Fire      ########..   1%          5    None
g - Searing Ray           Conj           ######       0%          2    None
l - Lightning Bolt        Conj/Air       #######...   1%          5    None
m - Bolt of Magma         Conj/Fire/Erth ########..   1%          5    None
o - Orb of Destruction    Conj           ########..   1%          7    #......
s - Sticky Flame          Conj/Fire      ########     1%          4    None

Your spell library contained the following spells:

 Spells                   Type           Power        Failure   Level  Hunger
 Chain Lightning          Conj/Air       #######...   17%         8    ####...
 Fire Storm               Conj/Fire      ########..   56%         9    ######.
 Shatter                  Erth           #######...   100%        9    ######.
 Dazzling Flash           Conj/Hex       ######       0%          3    None
 Animate Skeleton         Necr           N/A          1%          1    None
 Apportation              Tloc           ######       1%          1    None
 Corona                   Hex            #######      1%          1    None
 Summon Small Mammal      Summ           ####         1%          1    None
 Passwall                 Tmut/Erth      ######..     1%          2    None
 Slow                     Hex            #######.     1%          2    None
 Ignite Poison            Fire/Tmut/Pois #######.     1%          3    None
 Inner Flame              Hex/Fire       ########     1%          3    None
 Portal Projectile        Hex/Tloc       ######       1%          3    None
 Cause Fear               Hex            #######...   1%          4    None
 Leda's Liquefaction      Hex/Erth       #######...   1%          4    None
 Iron Shot                Conj/Erth      #######...   1%          6    None
 Starburst                Conj/Fire      ########..   1%          6    None
 Petrify                  Tmut/Erth      ######..     2%          4    None
 Spellforged Servitor     Conj/Summ      #######...   8%          7    #......
 Ring of Flames           Chrm/Fire      ########..   16%         7    #......
 Ignition                 Fire           ########..   17%         8    ####...
 Statue Form              Tmut/Erth      ######...    34%         6    None
 Dragon Form              Tmut           ####......   100%        7    #......


Dungeon Overview and Level Annotations

Branches:
Dungeon (15/15)            Temple (1/1) D:6            Lair (6/6) D:8
  Swamp (4/4) Lair:3       Spider (0/4) Lair:3        Slime (0/5) Lair:5
    Orc (2/2) D:9             Elf (0/3) Orc:2        Vaults (0/5) D:14
 Depths (0/5) D:15          Sewer (visited)          Bailey (visited)
Volcano (visited)

Altars:
Ashenzari
Cheibriados
Dithmenos
Elyvilon
Fedhas
Gozag
Hepliaklqana
Kikubaaqudgha
Makhleb
Nemelex Xobeh
Okawaru
Sif Muna
Trog
Vehumet
Wu Jian
Xom
Yredelemnul
Zin
The Shining One
Beogh

Shops:
D:7 =   D:8 =   D:12 [   Orc:2 [?[[*

Annotations:
Swamp:4 Bai Suzhen


Message History

Digging in that direction won't affect any walls.
Okay, then.
Unknown command.
You eat one of the 35 rations.
That ration really hit the spot!
Bai Suzhen breathes water at you. The torrent of water hits you!!!
Ouch! That really hurt!
You are knocked back by the torrent of water.
You slam into the tree!
* * * LOW HITPOINT WARNING * * *
Splash!
The wave splashes down.
You hear a loud, deep croak!
You feel much better. Bai Suzhen breathes water at you.
The torrent of water hits you!
* * * LOW HITPOINT WARNING * * *
You are knocked back by the torrent of water.
You slam into the tree!
You die...

,*,,≈≈≈≈* ♣♣.≈..§≈.♣♣
*,,≈≈≈≈≈* ≈***,≈,**
**≈♣..,*♣♣♣♣♣,,≈≈≈≈,
,****≈**
♣♣♣♣♣♣♣.♣♣♣♣..≈♣**,≈,,≈
,,≈***≈**
♣≈≈≈.♣*≈♣§§§§≈♣♣**,≈,*,
≈≈≈***,,*
♣≈≈≈≈≈≈≈§.§§♣♣♣**,≈≈≈≈*
≈≈,,≈****
♣≈.≈≈≈≈≈≈D☼○♣♣≈≈,≈≈≈≈,≈
≈≈≈,,,,≈*
♣♣♣≈.≈≈≈§§§≈≈≈,,,,≈≈≈,≈
,≈,,≈≈≈≈**
♣♣≈≈≈≈≈..≈≈.,,**,≈≈≈≈
,,**,≈≈,,*
♣♣.@≈≈≈♣≈..♣***≈≈*≈≈
*****≈≈*** ♣♣♣≈♣♣♣≈♣♣♣
****≈, **** ♣≈♣♣♣§♣♣♣♣
*,,≈≈ ♣♣♣≈≈≈≈≈.♣♣♣*≈≈*≈
♣.≈≈≈≈≈..≈♣**≈,≈
*♣≈≈≈≈.≈≈≈♣♣≈♣*≈
♣....<≈≈≈.≈?.,,
♣♣♣♣♣.≈≈≈.≈≈.,*
**≈≈≈§≈≈≈.≈**


You could see Bai Suzhen (catching breath) and a friendly battlesphere.

Vanquished Creatures
  Rupert (Orc:2)
  A sphinx (D:13)
  Roxanne (Swamp:3)
  A thorn hunter (Swamp:4)
  Donald (Swamp:3)
  A stone giant (D:13)
  A red draconian (Volcano)
  2 ettins (D:13)
  4 ogre magi (Orc:2)
  19 hydras
  17 two-headed ogres
  3 catoblepae
  3 shambling mangroves
  A death knight (D:15)
  11 alligators
  5 centaur warriors
  A death yak (shapeshifter) (D:14)
  A deep troll earth mage (D:13)
  A queen ant (Lair:2)
  A tengu warrior (D:15)
  11 death yaks
  A large abomination (Swamp:4)
  A spriggan (Swamp:1)
  2 orc high priests (Orc:2)
  6 swamp dragons
  4 unseen horrors
  A wizard (D:13)
  3 phantasmal warriors
  A deep elf mage (D:13)
  3 oklob plants (Lair:1)
  A wolf spider (D:15)
  An orc sorcerer (Orc:1)
  7 cyclopes
  5 ugly things
  2 black mambas (Lair:4)
  11 elephants
  2 molten gargoyles (Volcano)
  Maggie (D:8)
  2 gargoyles
  2 kobold demonologists
  A spiny frog (shapeshifter) (D:14)
  16 spiny frogs
  2 rime drakes
  A yaktaur (shapeshifter) (D:13)
  A redback zombie (D:14)
  2 efreet
  5 komodo dragons
  2 freezing wraiths (D:15)
  A harpy zombie (D:14)
  4 trolls
  10 tyrant leeches
  A polar bear (shapeshifter) (D:14)
  A tengu conjurer (D:13)
  24 slime creatures
  10 hornets
  5 bog bodies
  14 blink frogs
  6 hippogriffs
  5 shadows
  3 vampires
  4 wraiths
  7 wyverns
  44 yaks
  5 fire bats
  5 basilisks
  A hungry ghost (D:10)
  15 vampire mosquitoes
  21 soldier ants
  7 insubstantial wisps
  12 swamp worms
  An acid dragon (D:13)
  8 water moccasins
  6 porcupines
  28 orc warriors
  A meliai simulacrum (D:13)
  3 ice beasts
  6 black bears
  7 swamp drakes
  A phantom (D:7)
  An eye of draining (D:13)
  3 necrophages
  4 sky beasts
  34 ogres
  19 centaurs
  10 crocodiles
  4 big kobolds
  21 bullfrogs
  A wyvern zombie (D:14)
  A wyvern skeleton (D:7)
  8 scorpions
  12 killer bees
  12 wights
  2 vampire bats (D:7)
  13 howler monkeys
  An electric eel (Lair:3)
  8 crimson imps
  2 centaur zombies
  3 quasits
  4 lava snakes (Volcano)
  17 orc priests
  5 hounds
  8 jellies
  7 bullfrog skeletons
  3 iguanas
  23 orc wizards
  Jessica (D:9)
  5 centaur skeletons
  26 worker ants
  A killer bee zombie (D:8)
  A hound zombie (D:5)
  3 hound skeletons
  A worker ant zombie (D:9)
  13 gnolls
  A river rat (D:6)
  14 adders
  3 shadow imps
  An ooze (D:4)
  2 adder zombies
  A worm (D:3)
  A dart slug (D:3)
  8 leopard geckos
  88 orcs
  6 ball pythons
  2 bat skeletons (D:7)
  3 bat zombies (D:7)
  3 giant cockroaches
  10 goblins
  9 hobgoblins
  13 jackals
  35 kobolds
  2 quokkas
  8 bats
  3 frilled lizards
  4 goblin skeletons (D:7)
  2 goblin zombies (D:7)
  2 hobgoblin zombies (D:7)
  2 kobold skeletons (D:7)
  2 kobold zombies (D:7)
  A leopard gecko skeleton (D:8)
  3 orc zombies (D:7)
  7 rats
  2 fungi
  8 plants
962 creatures vanquished.

Vanquished Creatures (others)
  5 briar patches (Swamp:4)
  2 foxfires (D:8)
  114 fulminant prisms
  12 fungi
  21 plants
154 creatures vanquished.

Grand Total: 1116 creatures vanquished

Notes
Turn   | Place    | Note
-------+----------+-------------------------------------------
     0 | D:1      | lorenzova the Deep Elf Conjurer began the quest for the
                  | Orb.
     0 | D:1      | Reached XP level 1. HP: 10/10 MP: 6/6
   158 | D:1      | Reached XP level 2. HP: 15/15 MP: 4/8
   162 | D:1      | Learned a level 2 spell: Searing Ray
   643 | D:2      | Reached skill level 4 in Spellcasting
   733 | D:2      | Reached skill level 5 in Conjurations
   733 | D:2      | Reached XP level 3. HP: 19/19 MP: 5/10
  1097 | D:2      | Reached XP level 4. HP: 24/24 MP: 3/12
  1687 | D:2      | Reached skill level 5 in Spellcasting
  2467 | D:2      | Reached XP level 5. HP: 28/28 MP: 11/14
  3146 | D:3      | Reached skill level 6 in Spellcasting
  3225 | D:3      | Found a blossoming altar of Fedhas.
  3425 | D:4      | Reached XP level 6. HP: 32/32 MP: 14/17
  3626 | D:4      | Found an iron altar of Okawaru.
  3820 | D:4      | Reached skill level 7 in Spellcasting
  3899 | D:4      | Reached XP level 7. HP: 36/36 MP: 13/19
  3944 | D:4      | Learned a level 4 spell: Iskenderun's Mystic Blast
  3949 | D:4      | Learned a level 4 spell: Fulminant Prism
  3963 | D:4      | Found a bloodstained altar of Trog.
  4063 | D:4      | Found a shattered altar of Ashenzari.
  4281 | D:5      | Entered Level 5 of the Dungeon
  4352 | D:5      | Reached skill level 1 in Hexes
  4476 | D:5      | Reached skill level 1 in Translocations
  4528 | D:5      | Found an ornate altar of the Wu Jian Council.
  4543 | D:5      | Found an ornate altar of the Wu Jian Council.
  4552 | D:5      | Reached skill level 8 in Spellcasting
  4713 | D:5      | Got a warped trident
  4714 | D:5      | Identified the +5 trident of Defiance {venom, Dex+2} (You
                  | found it on level 5 of the Dungeon)
  4902 | D:5      | Got a ripped robe
  4913 | D:5      | Identified the cursed +0 robe of Joy {rElec rN+ Str+3} (You
                  | found it on level 5 of the Dungeon)
  5270 | D:6      | Found a staircase to the Ecumenical Temple.
  5276 | Temple   | Entered the Ecumenical Temple
  5331 | Temple   | Became a worshipper of Vehumet
  5444 | D:6      | Found a glowing drain.
  5466 | Sewer    | Entered a sewer
  6517 | D:6      | Reached XP level 8. HP: 38/41 MP: 17/22
  6756 | D:6      | Found a glowing silver altar of Zin.
  6859 | D:6      | Reached skill level 9 in Spellcasting
  7085 | D:6      | Reached * piety under Vehumet
  7085 | D:6      | Offered knowledge of Shock by Vehumet.
  7301 | D:6      | Found a basalt altar of Yredelemnul.
  7753 | D:7      | Found Picvucve's Jewellery Boutique.
  8044 | D:7      | Reached skill level 10 in Spellcasting
  8108 | D:7      | Found an ancient bone altar of Kikubaaqudgha.
  8423 | D:7      | Found a glowing golden altar of the Shining One.
  8424 | D:7      | Offered knowledge of Foxfire by Vehumet.
  8427 | D:7      | Reached XP level 9. HP: 40/45 MP: 4/25
  8561 | D:7      | Reached ** piety under Vehumet
  8604 | D:7      | Found a snail-covered altar of Cheibriados.
  8604 | D:7      | Found a shadowy altar of Dithmenos.
  9101 | D:7      | Found a sparkling altar of Nemelex Xobeh.
  9209 | D:8      | Learned a level 1 spell: Foxfire
  9308 | D:8      | Noticed a two-headed ogre
  9533 | D:8      | Reached skill level 5 in Hexes
  9763 | D:8      | Reached skill level 1 in Fire Magic
  9770 | D:8      | Identified the +6 scale mail of Xafapu {*Slow rElec rN+++
                  | MP+9}
  9955 | D:8      | Reached skill level 11 in Spellcasting
  9955 | D:8      | Reached skill level 10 in Conjurations
 10042 | D:8      | Offered knowledge of Frozen Ramparts by Vehumet.
 10130 | D:8      | Found Baerapeb's Jewellery Boutique.
 10155 | D:8      | Noticed a death yak
 10364 | D:8      | Noticed Maggie
 10370 | D:8      | Killed Maggie
 10373 | D:8      | Reached skill level 5 in Translocations
 10382 | D:8      | Noticed a death yak
 10386 | D:8      | Noticed a death yak
 10502 | D:8      | Noticed a death yak
 10504 | D:8      | Noticed a death yak
 10545 | D:8      | Killed a death yak
 10545 | D:8      | Reached XP level 10. HP: 50/50 MP: 19/27
 10545 | D:8      | Killed a death yak
 10573 | D:9      | Reached skill level 12 in Spellcasting
 10843 | D:8      | Killed a death yak
 10849 | D:8      | Killed a death yak
 10849 | D:8      | Reached *** piety under Vehumet
 10993 | D:8      | Killed a death yak
 11049 | D:8      | Found a staircase to the Lair.
 11199 | D:8      | Noticed a red ugly thing
 11203 | D:8      | Killed a two-headed ogre
 11208 | D:8      | Reached skill level 13 in Spellcasting
 11209 | D:8      | Reached XP level 11. HP: 36/54 MP: 16/30
 11337 | D:8      | Killed a red ugly thing
 11439 | D:9      | Reached skill level 5 in Fire Magic
 11639 | D:9      | Offered knowledge of Inner Flame by Vehumet.
 12294 | D:9      | Reached **** piety under Vehumet
 12346 | D:9      | Found a roughly hewn altar of Beogh.
 12351 | D:9      | Found a staircase to the Orcish Mines.
 12455 | D:9      | Noticed Jessica
 12460 | D:9      | Killed Jessica
 12473 | D:9      | Found a shimmering blue altar of Sif Muna.
 12794 | Lair:1   | Entered Level 1 of the Lair of Beasts
 12798 | Lair:1   | Noticed a seven-headed hydra
 12892 | Lair:1   | Killed a seven-headed hydra
 12893 | Lair:1   | Noticed an oklob plant
 13303 | Lair:1   | Killed an oklob plant
 13303 | Lair:1   | Reached skill level 14 in Spellcasting
 13304 | Lair:1   | Noticed an oklob plant
 13304 | Lair:1   | Noticed an oklob plant
 13436 | Lair:1   | Killed an oklob plant
 13436 | Lair:1   | Killed an oklob plant
 13627 | Lair:1   | Learned a level 5 spell: Fireball
 13679 | Lair:1   | Offered knowledge of Stone Arrow by Vehumet.
 14288 | Lair:2   | Learned a level 5 spell: Iskenderun's Battlesphere
 14481 | Lair:2   | Learned a level 7 spell: Orb of Destruction
 14487 | Lair:2   | Learned a level 5 spell: Bolt of Magma
 14795 | Lair:2   | Reached skill level 1 in Charms
 14864 | Lair:2   | Reached skill level 1 in Earth Magic
 14864 | Lair:2   | Reached XP level 12. HP: 59/59 MP: 19/32
 15119 | Lair:2   | Noticed a queen ant
 15124 | Lair:2   | Killed a queen ant
 15663 | Lair:2   | Reached skill level 15 in Spellcasting
 16169 | Lair:3   | Found a staircase to the Swamp.
 16218 | Lair:3   | Noticed an eight-headed hydra
 16264 | Lair:3   | Found a dark tunnel.
 16276 | Volcano  | Entered a volcano
 16692 | Volcano  | Found a bloodstained altar of Trog.
 16692 | Volcano  | Noticed a centaur warrior
 16696 | Volcano  | Killed a centaur warrior
 16706 | Volcano  | Noticed a red draconian
 16717 | Volcano  | Reached ***** piety under Vehumet
 17065 | Volcano  | Killed a red draconian
 17261 | Lair:3   | Offered knowledge of Lee's Rapid Deconstruction by Vehumet.
 17302 | Lair:3   | Found a hole to the Spider Nest.
 17409 | Lair:3   | Reached skill level 5 in Charms
 17598 | Lair:3   | Noticed a death yak
 17615 | Lair:3   | Killed a death yak
 18268 | Lair:3   | Noticed an eight-headed hydra
 18279 | Lair:3   | Killed an eight-headed hydra
 18281 | Lair:3   | Killed an eight-headed hydra
 18281 | Lair:3   | Reached skill level 16 in Spellcasting
 18281 | Lair:3   | Reached XP level 13. HP: 50/63 MP: 4/35
 19679 | Lair:4   | Reached skill level 5 in Earth Magic
 21028 | Lair:5   | Found a staircase to the Slime Pits.
 21469 | Lair:6   | Entered Level 6 of the Lair of Beasts
 21472 | Lair:6   | Offered knowledge of Sticky Flame by Vehumet.
 21561 | Lair:5   | Learned a level 4 spell: Sticky Flame
 21623 | Lair:6   | Reached skill level 15 in Conjurations
 21638 | Lair:6   | Reached skill level 17 in Spellcasting
 22552 | Lair:5   | HP: 3/63 [poisoned by a spiny frog]
 22559 | Lair:5   | HP: 3/63 [poisoned by a spiny frog]
 22567 | Lair:5   | HP: 2/63 [poisoned by a spiny frog]
 23241 | Lair:5   | HP: 3/63 [poisoned by a spiny frog]
 23245 | Lair:5   | Reached XP level 14. HP: 27/68 MP: 37/37
 23752 | D:7      | Bought an uncursed ring of see invisible for 210 gold
                  | pieces
 23807 | Orc:1    | Entered Level 1 of the Orcish Mines
 24055 | Orc:2    | Entered Level 2 of the Orcish Mines
 24153 | Orc:2    | Found Nisour's Assorted Antiques.
 24598 | Orc:2    | Found a staircase to the Elven Halls.
 24659 | Orc:2    | Reached skill level 1 in Armour
 24663 | Orc:2    | Offered knowledge of Freezing Cloud by Vehumet.
 24980 | Orc:2    | Reached skill level 18 in Spellcasting
 24984 | Orc:2    | Found Fyacaer's Antique Armour Boutique.
 24984 | Orc:2    | Found Nece Wekh's Armour Shoppe.
 25011 | Orc:2    | Noticed Rupert
 25013 | Orc:2    | Killed Rupert
 25013 | Orc:2    | Reached skill level 10 in Fire Magic
 25070 | Orc:2    | Found Bebicvad's Magic Scroll Shoppe.
 25070 | Orc:2    | Found Gaiwig's Antique Armour Shop.
 25725 | Orc:2    | Bought a translucent leather armour for 189 gold pieces
 25736 | Orc:2    | Identified the cursed +0 leather armour of the Hall of
                  | Blades {rN++} (You bought it in a shop on level 2 of the
                  | Orcish Mines)
 25738 | Orc:2    | Bought a scroll of identify for 30 gold pieces
 25738 | Orc:2    | Bought a scroll of identify for 30 gold pieces
 25762 | Orc:2    | Bought a pair of runed gloves for 247 gold pieces
 25762 | Orc:2    | Bought an embroidered cloak for 247 gold pieces
 25811 | Orc:2    | Bought a scroll of blinking for 255 gold pieces
 25811 | Orc:2    | Bought a scroll of blinking for 255 gold pieces
 25811 | Orc:2    | Bought a scroll of teleportation for 102 gold pieces
 25968 | D:10     | Entered Level 10 of the Dungeon
 26532 | D:10     | Offered knowledge of Conjure Ball Lightning by Vehumet.
 27873 | D:11     | Reached XP level 15. HP: 61/72 MP: 28/39
 28440 | D:12     | You fall into a shaft and drop 3 floors!
 28440 | D:15     | Entered Level 15 of the Dungeon
 28602 | D:15     | Offered knowledge of Irradiate by Vehumet.
 29965 | D:13     | Found a flagged portal.
 30005 | D:13     | Reached skill level 19 in Spellcasting
 30110 | Bailey   | Entered a bailey
 30299 | Bailey   | Offered knowledge of Lightning Bolt by Vehumet.
 30307 | Bailey   | Learned a level 5 spell: Lightning Bolt
 31217 | D:12     | Found Ron Jyjo's Antique Armour Shop.
 31640 | D:12     | Reached skill level 1 in Air Magic
 32288 | D:13     | Got a scorched leather armour
 32316 | D:13     | Identified the +1 leather armour "Yczoast" {rPois} (You
                  | found it on level 13 of the Dungeon)
 32710 | D:13     | Noticed a sphinx
 32722 | D:13     | Killed a sphinx
 33172 | D:13     | Identified a scroll of acquirement
 33172 | D:13     | Acquired 1170 gold pieces
 33669 | D:14     | Reached ****** piety under Vehumet
 33784 | D:14     | Offered knowledge of Ozocubu's Refrigeration by Vehumet.
 34877 | D:14     | Found a gate to the Vaults.
 35162 | Swamp:1  | Entered Level 1 of the Swamp
 35169 | Swamp:1  | Reached XP level 16. HP: 69/76 MP: 20/41
 35521 | Swamp:1  | Reached skill level 5 in Armour
 36620 | Swamp:2  | Reached skill level 20 in Spellcasting
 38048 | Swamp:3  | Offered knowledge of Fire Storm by Vehumet.
 38048 | Swamp:3  | Offered knowledge of Shatter by Vehumet.
 38048 | Swamp:3  | Offered knowledge of Chain Lightning by Vehumet.
 38177 | Swamp:3  | Noticed Donald
 38482 | Swamp:3  | Killed Donald
 38551 | Swamp:3  | Identified Roxanne's Almanac of Transmutation
 38551 | Swamp:3  | Noticed Roxanne
 38615 | Swamp:3  | Killed Roxanne
 38615 | Swamp:3  | Reached skill level 5 in Air Magic
 38882 | Swamp:4  | Entered Level 4 of the Swamp
 39116 | Swamp:4  | Noticed a thorn hunter
 39296 | Swamp:4  | Killed a thorn hunter
 39321 | Swamp:4  | Noticed Bai Suzhen
 39329 | Swamp:4  | HP: 3/76 [tree collision (20)]
 39330 | Swamp:4  | Collided with a tree

Illustrated notes

Levels and vault maps discovered:
D:1:      minmay_arrival_checkered_box, layout_rooms
D:2:      layout_basic
D:3:      layout_rooms, marbit_many_paths
D:4:      layout_cave_pools, evilmike_ruin_ashenzari, kennysheep_little_box,
          kennysheep_okawaru_gauntlet
D:5:      layout_loops_ring, old_standard_altar, basic_altar, first_ration
D:6:      layout_loops_ring, zin_academy, lemuel_round_altar,
          minmay_temple_entry_fiery, portal_sewer_entry_b,
          minmay_chambers_of_fives
D:7:      layout_rooms, kennysheep_vampire_church, nicolae_tso_besieged_by_evil,
          lemuel_doored_altar, gammafunk_temple_overflow_wave, serial_shops,
          shop
D:8:      cheibrodos_elevator_heist, layout_rooms, dpeg_lair_monsters,
          serial_shops, shop, uniq_maggie
D:9:      layout_cave_pools, tgw_sif, david_orc_5
D:10:     layout_roguey
D:11:     layout_cave_pods
D:12:     layout_roguey, serial_shops, nicolae_shop_crystal,
          hangedman_pestilent_swarm
D:13:     minmay_tile_spiral, layout_loops_ring, enter_bailey_1
D:14:     layout_irregular_city, david_vaults_4, minmay_misc_feat_alley,
          minmay_misc_feat_tiny
D:15:     hangedman_depths_entry_try_elsewhere_first, layout_loops_ring,
          grunt_decor_mini_mirrors, uniq_azrael
Temple:   nicolae_temple_figure_zero
Lair:1:   layout_cave_shapes, worms_lemuel, minmay_lair_oklob_chamber
Lair:2:   layout_layer_cave, minivault_29
Lair:3:   layout_chaotic_city, minmay_swamp_entry_swarm, dummy_spider_entry,
          nicolae_volcano_entry_batcave, minmay_shattered_shrine
Lair:4:   layout_gridlike, grunt_megastairs_1, infiniplex_staircase_pool
Lair:5:   layout_roguey, minmay_slime_entry_pillars, grunt_megastairs_4
Lair:6:   minmay_lair_end_frog_pond, layout_cave_shapes,
          nicolae_lair_yak_garden, infiniplex_staircase_pool_2
Swamp:1:  layout_falls_marsh, serial_swamp_ruin, evilmike_swamp_ruin_house_4,
          evilmike_swamp_ruin_house_1, evilmike_swamp_ruin_house_2, swamp_pool2,
          st_swamp_ruins_1
Swamp:2:  layout_basic_swamp, hangedman_swamp_lotus
Swamp:3:  layout_basic_swamp, hangedman_swamp_ruin_wall, uniq_roxanne,
          uniq_donald
Swamp:4:  swamp_vile, layout_basic_swamp, portal_ice_cave_entry_pillars_2,
          uniq_mara, uniq_bai_suzhen
Orc:1:    layout_caves
Orc:2:    st_orc_ogre_mass, layout_diamond_mine, serial_shops, shop, uniq_rupert

Skill      XL: |  1  2  3  4  5  6  7  8  9 10 11 12 13 14 15 16 |
---------------+-------------------------------------------------+-----
Spellcasting   | 4 5 6 7 8 10 11 13 14 16 17 18 19 20 | 20.5
Conjurations   | 5 6 7 8 9 10 11 13 14 15 16 17 18 | 18.1
Hexes          | 2 4 6 7 9 |  9.0
Translocations | 2 3 5 6 |  6.0
Fire Magic     | 3 4 6 8 9 10 11 12 | 12.0
Charms         | 1 5 8 9 |  9.0
Earth Magic    | 1 4 6 7 9 |  9.0
Armour         | 3 4 5 |  5.9
Air Magic      | 2 5 |  5.5
Dodging        | |  2.4
Stealth        | |  2.4

Action                   |  1- 3 |  4- 6 |  7- 9 | 10-12 | 13-15 | 16-18 || total
-------------------------+-------+-------+-------+-------+-------+-------++-------
Melee: Halberd           |       |     5 |       |       |       |       ||     5
       Trident           |       |       |    83 |     6 |     1 |       ||    90
       Staff             |       |       |       |       |    28 |     6 ||    34
 Cast: Magic Dart        |    46 |   129 |   197 |   222 |   549 |   183 ||  1326
       Searing Ray       |       |    11 |    36 |    40 |     4 |       ||    91
       Fulminant Prism   |       |       |    17 |    50 |    41 |     7 ||   115
       Iskenderun's Myst |       |       |     5 |    11 |    52 |    21 ||    89
       Foxfire           |       |       |       |     1 |       |       ||     1
       Iskenderun's Batt |       |       |       |    46 |   148 |    45 ||   239
       Bolt of Magma     |       |       |       |    34 |    81 |     6 ||   121
       Fireball          |       |       |       |     2 |    33 |    19 ||    54
       Sticky Flame      |       |       |       |       |    60 |    10 ||    70
       Lightning Bolt    |       |       |       |       |    22 |    27 ||    49
       Orb of Destructio |       |       |       |       |       |     4 ||     4
  Use: Scroll            |       |     1 |     5 |     8 |    19 |     8 ||    41
       Potion            |       |       |       |       |     5 |     1 ||     6
 Stab: Sleeping          |       |     2 |     1 |       |       |       ||     3
  Eat: Chunk             |       |     9 |     9 |    14 |    44 |    12 ||    88
       Ration            |       |       |     3 |     3 |     2 |     1 ||     9
Armor: Robe              |       |     1 |    11 |     5 |       |       ||    17
       Leather armour    |       |       |       |       |     9 |    12 ||    21
       Scale mail        |       |       |       |       |    58 |       ||    58
       Ring mail         |       |       |       |       |    18 |       ||    18
Dodge: Dodged            |     4 |    30 |    46 |    23 |    83 |    25 ||   211
Block: Other             |       |       |    24 |    10 |    40 |     3 ||    77
       Reflection        |       |       |       |     1 |    11 |       ||    12
